 Dungeon Crawl Stone Soup version 0.31-a0-851-g7ff8af7976 (webtiles) character file.

Game seed: 2449208599670377193

1843 Pixllover the Cleaver (level 9, -4/60 HPs)
             Began as a Gargoyle Monk on Oct 5, 2023.
             Was a Believer of Makhleb.
             Slain by a hornet (9 damage)
             ... on level 7 of the Dungeon.
             The game lasted 00:13:11 (4494 turns).

Pixllover the Cleaver (Gargoyle Monk)               Turns: 4494, Time: 00:13:11

Health: -4/60      AC: 24    Str: 25    XL:     9   Next: 12%
Magic:  10/10      EV:  9    Int: 11    God:    Makhleb [**....]
Gold:   342        SH:  0    Dex: 12    Spells: 8/8 levels left

rFire   . . .        a - +0 hand axe
rCold   . . .        d - orb {light}
rNeg    + . .        j - +0 plate armour
rPois   ∞            (no helmet)
rElec   +            b - +0 cloak
rCorr   .            (no gloves)
SInv    .            (no boots)
Will    .....        (no amulet) Stlth
                     r - +6 ring of strength
HPRegen 0.30/turn    l - +4 ring of protection
MPRegen 0.12/turn

%: no passive effects
@: glowing
A: sickness immunity, AC +6, negative energy resistance 1, electricity
resistance, torment resistance 1, petrification resistance
a: Renounce Religion, Minor Destruction


You were on level 7 of the Dungeon.
You worshipped Makhleb.
Makhleb was pleased with you.
You visited 1 branch of the dungeon, and saw 7 of its levels.

You collected 342 gold pieces.

Inventory:

Hand Weapons
 a - a +0 hand axe (weapon)
Missiles
 n - 5 poisoned darts (quivered)
Armour
 b - a +0 cloak (worn)
 d - an orb of light (worn)
 j - a +0 plate armour (worn)
Jewellery
 l - a +4 ring of protection (right hand)
 r - a +6 ring of strength (left hand)
Scrolls
 h - 3 scrolls of teleportation
 m - 4 scrolls of revelation
 p - a scroll of brand weapon {unknown}
 q - a scroll of fear
 s - 2 scrolls of poison {unknown}
 u - 2 scrolls of vulnerability {unknown}
 v - a scroll of fog
 w - 2 scrolls of identify
 x - 2 scrolls of immolation {unknown}
 y - a scroll of acquirement {unknown}
 A - a scroll of enchant weapon {unknown}
Potions
 c - a potion of ambrosia
 e - a potion of berserk rage {unknown}
 f - a potion of enlightenment {unknown}
 g - 3 potions of curing
 i - a potion of resistance {unknown}
 k - a potion of might {unknown}
 o - a potion of cancellation {unknown}
 t - a potion of lignification {unknown}
 z - a potion of haste {unknown}


   Skills:
 + Level 9.0 Fighting
 * Level 9.7(10.3) Axes
 + Level 5.9(9.0) Maces & Flails
 + Level 6.9 Armour
 + Level 5.9 Dodging
 * Level 1.6 Invocations


You had 8 spell levels left.
You didn't know any spells.
Your spell library was empty.

Dungeon Overview and Level Annotations

Branches:
Dungeon (7/15)             Temple (0/1) D:6

Altars:
Makhleb
Qazlal

Annotations:
D:2 Sigmund


Innate Abilities, Weirdness & Mutations

You are immune to sickness and miasma.
Your stone body is resilient. (AC +6)
You are immune to poison.
You resist negative energy. (rN+)
You are resistant to electric shocks. (rElec)
You are resistant to unholy torment.
You are immune to petrification.


Message History

You hit the hornet.
The hornet is lightly wounded.
The hornet stings you but does no damage.
You hit the hornet but do no damage.
The hornet is lightly wounded.
The hornet stings you but does no damage.
You barely miss the hornet.
The hornet is lightly wounded.
The hornet stings you but does no damage.
You hit the hornet.
The hornet is moderately wounded.
The hornet stings you. The hornet stings you!
You barely miss the hornet.
The hornet is moderately wounded.
The hornet stings you.
* * * LOW HITPOINT WARNING * * *
You slash the hornet!
The hornet is heavily wounded.
The hornet stings you but does no damage.
You slash the hornet!
The hornet is severely wounded.
The hornet closely misses you.
You hit the hornet.
The hornet is severely wounded.
The hornet stings you but does no damage.
You closely miss the hornet.
The hornet is severely wounded.
The hornet stings you!
* * * LOW HITPOINT WARNING * * *
You hit the hornet.
The hornet is almost dead.
The hornet closely misses you. x2
You hit the hornet but do no damage.
The hornet is almost dead.
The hornet stings you.
* * * LOW HITPOINT WARNING * * *
You barely miss the hornet.
The hornet is almost dead.
The hornet stings you!
You die...

##########
##.........
#..........
#..........
#..........
#.@.# #.y.#
+.....
#.......
#...#####
#.$.# #..?.
.....


You could see a hornet.

Vanquished Creatures
  2 yaks
  An ice beast (D:6)
  A sky beast (D:6)
  A centaur (D:5)
  2 black bears
  An ogre (D:4)
  A bullfrog (D:6)
  A scorpion (D:5)
  4 iguanas
  An orc priest (D:6)
  A sleepcap (D:7)
  Natasha (thrice) (D:2)
  An orc wizard (D:3)
  6 adders
  2 white imps
  2 ufetubi
  A worm (D:3)
  2 dart slugs (D:1)
  13 orcs
  4 bats
  4 endoplasms
  4 giant cockroaches
  3 goblins
  7 hobgoblins
  5 kobolds
  3 quokkas
  10 ball pythons
  3 frilled lizards
  9 rats
98 creatures vanquished.

Notes
Turn   | Place    | Note
-------+----------+-------------------------------------------
     0 | D:1      | Pixllover the Gargoyle Monk began the quest for the Orb.
     0 | D:1      | Reached XP level 1. HP: 14/14 MP: 1/1
    27 | D:1      | Reached XP level 2. HP: 7/19 MP: 2/2
   353 | D:1      | Reached XP level 3. HP: 24/24 MP: 3/3
   731 | D:2      | Noticed Natasha
   743 | D:2      | Killed Natasha
   744 | D:2      | Reached XP level 4. HP: 29/29 MP: 4/4
   827 | D:2      | Noticed Sigmund
   968 | D:2      | Noticed Natasha
   974 | D:2      | Killed Natasha
  1056 | D:2      | Noticed Natasha
  1060 | D:2      | Killed Natasha
  1111 | D:3      | Found a faded altar of an unknown god.
  1117 | D:3      | Reached XP level 5. HP: 27/33 MP: 5/5
  1118 | D:3      | Reached skill level 1 in Armour
  1276 | D:3      | Found a stormy altar of Qazlal.
  1401 | D:3      | Identified the +1 ring mail of Nemocsek {Will+ Str+2}
  1548 | D:3      | Reached skill level 5 in Armour
  1548 | D:3      | Reached XP level 6. HP: 42/42 MP: 6/6
  1549 | D:3      | Reached skill level 5 in Maces & Flails
  1549 | D:3      | Reached skill level 5 in Dodging
  1549 | D:3      | Reached XP level 7. HP: 50/50 MP: 7/7
  1875 | D:3      | Found a burning altar of Makhleb.
  1881 | D:3      | Became a worshipper of Makhleb the Destroyer
  1881 | D:3      | Reached * piety under Makhleb
  1881 | D:3      | Reached ** piety under Makhleb
  2445 | D:4      | Reached XP level 8. HP: 22/56 MP: 8/8
  3019 | D:5      | Entered Level 5 of the Dungeon
  3574 | D:5      | Reached skill level 1 in Invocations
  4156 | D:6      | Found a staircase to the Ecumenical Temple.
  4261 | D:6      | Noticed a yak
  4262 | D:6      | Noticed a two-headed ogre
  4262 | D:6      | Noticed a yak
  4280 | D:5      | Killed a yak
  4281 | D:5      | Reached XP level 9. HP: 47/60 MP: 10/10
  4473 | D:7      | Noticed a hornet
  4494 | D:7      | Slain by a hornet

Illustrated notes

Levels and vault maps discovered:
D:1:      psy_arrival_dodecagon, layout_rooms, hangedman_abyss_or_decor_stabs
D:2:      layout_basic, mrwooster_statue_mirror, uniq_sigmund, uniq_natasha
D:3:      layout_loops_ring, lightli_temple_of_fire,
          mainiacjoe_overflow_small_starburst, dreamdust_ecumenical_altar_grove
D:4:      layout_basic
D:5:      layout_basic, lightli_corner_chamber
D:6:      layout_basic, grunt_temple_overflow_magic_moments,
          minmay_temple_entry_trees, minmay_chambers_of_fives
D:7:      black_bear_nest_2, layout_gridville, serial_shops,
          nicolae_shop_gibbet_a_chance, patterned_corridor, uniq_duvessa

Skill      XL: |  1  2  3  4  5  6  7  8  9 |
---------------+----------------------------+-----
Axes           | 3 4 7 9 |  9.7
Fighting       | 4 6 8 9 |  9.0
Armour         | 5 6 |  6.9
Maces & Flails | 4 5 |  5.9
Dodging        | 4 5 |  5.9
Invocations    | 1 |  1.6

Action                     |  1- 3 |  4- 6 |  7- 9 || total
---------------------------+-------+-------+-------++-------
  Melee: Hand axe          |    67 |    56 |   193 ||   316
 Invoke: Minor Destruction |       |       |     9 ||     9
    Use: Scroll            |     4 |     2 |     2 ||     8
         Potion            |       |     2 |       ||     2
 Armour: Robe              |     6 |       |       ||     6
         Chain mail        |    57 |    50 |     5 ||   112
         Plate armour      |       |       |   137 ||   137
  Dodge: Dodged            |    40 |    19 |    74 ||   133

Table legend: (Time is in decaauts)
 A = Elapsed time spent in this place.
 B = Non-inter-level travel time spent in this place.
 C = Inter-level travel time spent in this place.
 D = Time resting spent in this place.
 E = Time spent auto-exploring this place.
 F = Levels seen in this place.
 G = Mean time per level.
                   A        B        C        D        E       F      G
               +--------+--------+--------+--------+--------+-----+--------+
         Total |   4466 |   4338 |    128 |    118 |   2640 |   7 |  638.0 |
       Dungeon |   4466 |   4338 |    128 |    118 |   2640 |   7 |  638.0 |
               +--------+--------+--------+--------+--------+-----+--------+

Top non-repeatable levels by time:
     D:5: 1140 daAuts
     D:4: 1064 daAuts
     D:3: 832 daAuts
     D:1: 569 daAuts
     D:2: 550 daAuts
     D:6: 292 daAuts
     D:7: 16 daAuts
